 Dungeon Crawl Stone Soup version 0.31-a0-196-g86fe4a5e66 (webtiles) character file.

Game seed: 3306905216573232946

72643 rabbitsville the Devastator (level 14, -2/93 HPs)
             Began as a Hill Orc Conjurer on June 23, 2023.
             Was the Champion of Jiyva.
             Hit by a silver javelin thrown by a minotaur (3 damage)
             ... in a Gauntlet on June 24, 2023.
             The game lasted 01:54:45 (19143 turns).

rabbitsville the Devastator (Hill Orc Conjurer)    Turns: 19143, Time: 01:54:45

Health: -2/93      AC: 14    Str: 19    XL:     14   Next: 95%
Magic:  23/28      EV: 11    Int: 32    God:    Jiyva [******]
Gold:   526        SH:  0    Dex:  8    Spells: 17/33 levels left

rFire   . . .        A - +6 dagger "Aserhe Ywofe" {drain, rElec}
rCold   + + +        (no shield)
rNeg    . . .        M - +3 robe of Onkoag {rC++}
rPois   +            e - +4 hat "Xitaorghe" {Str+9}
rElec   +            (no cloak)
rCorr   +            Q - +0 pair of gloves
SInv    .            T - +0 pair of boots
Will    +....        z - amulet of the acrobat
Stlth   ++           f - +6 ring of intelligence
HPRegen 3.55/turn    v - ring of poison resistance
MPRegen 0.71/turn

%: no teleportation, acrobat, clarity
@: no status effects
A: antennae 2, clarity, clever 1, cold resistance 1, regeneration 2, shaggy fur
3, wild magic 1, translucent skin 2, jelly sensing items, MP-powered wands,
engulf
}: 1/15 runes: slimy
a: Renounce Religion, Oozemancy, Slimify


You were in a Gauntlet.
You worshipped Jiyva.
Jiyva was exalted by your worship.
You visited 3 branches of the dungeon, and saw 24 of its levels.
You also visited: Sewer and Gauntlet.

You collected 914 gold pieces.
You spent 388 gold pieces at shops.

Inventory:

Hand Weapons
 A - the +6 dagger "Aserhe Ywofe" (weapon) {drain, rElec}
   (You found it on level 5 of the Dungeon)

   rElec:     It insulates you from electricity.
Missiles
 k - 16 poisoned darts
Armour
 e - the +4 hat "Xitaorghe" (worn) {Str+9}
   (You found it in a Gauntlet)

   Str:       It affects your strength (+9).
 K - a +2 hat
 M - the +3 robe of Onkoag (worn) {rC++}
   (You took it off a wight on level 9 of the Dungeon)

   rC:        It greatly protects you from cold.
 Q - a +0 pair of gloves (worn)
 T - a +0 pair of boots (worn)
Magical Staves
 g - the staff of Ipse Dixit {Fragile rPois Necro Earth}
   (You found it on level 5 of the Pits of Slime)

   [staff of earth]

   Base accuracy: +5 Base damage: 5 Base attack delay: 1.2 This weapon's minimum
   attack delay (0.6) is reached at skill level 12.
   rPois:     It protects you from poison.
   Fragile:   It will be destroyed if unequipped.
   Necro:     It increases the power of your Necromancy spells.
   Earth:     It increases the power of your Earth spells.
   It falls into the 'Staves' category.
   It is a one-handed weapon.
Jewellery
 a - the amulet "Maalun" {rElec Will+ Regen+ MP-9 Int+6}
   (You found it in a Gauntlet)

   [amulet of regeneration]

   Int:       It affects your intelligence (+6).
   rElec:     It insulates you from electricity.
   MP:        It affects your magic capacity (-9).
   Regen:     It increases your rate of health regeneration.
   Will:      It increases your willpower.
 f - a +6 ring of intelligence (left hand)
 l - a ring of fire
 m - the ring "Usitoom" {rC+ Int+4}
   (You found it in a Gauntlet)

   [ring of protection from cold]

   Int:       It affects your intelligence (+4).
   rC:        It protects you from cold.
 o - a ring of positive energy
 v - a ring of poison resistance (right hand)
 y - a ring of see invisible
 z - an amulet of the acrobat (around neck)
 H - a ring of ice
 L - a ring of positive energy
 W - a ring of flight
Wands
 I - a wand of mindburst (39)
 O - a wand of polymorph (6)
 P - a wand of paralysis (5)
Scrolls
 c - 5 scrolls of fear
 h - 3 scrolls of enchant armour {unknown}
 i - 6 scrolls of teleportation
 j - 5 scrolls of identify
 u - 2 scrolls of acquirement {unknown}
 w - 3 scrolls of enchant weapon {unknown}
 x - 4 scrolls of amnesia {unknown}
 B - 2 scrolls of fog {unknown}
 D - a scroll of silence {unknown}
 F - 3 scrolls of poison {unknown}
 G - 2 scrolls of noise {unknown}
 J - 2 scrolls of revelation {unknown}
 S - a scroll of blinking {unknown}
 X - a scroll of summoning {unknown}
 Y - 3 scrolls of vulnerability {unknown}
Potions
 b - 6 potions of magic
 d - 2 potions of curing
 n - a potion of resistance {unknown}
 p - 2 potions of haste
 q - a potion of invisibility {unknown}
 r - 3 potions of might
 s - 2 potions of mutation {unknown}
 t - 4 potions of heal wounds
 E - 3 potions of enlightenment
 N - a potion of lignification {unknown}
 V - a potion of cancellation {unknown}
 Z - a potion of brilliance {unknown}
Miscellaneous
 R - a phial of floods


   Skills:
 - Level 1.5 Dodging
 - Level 1.5 Stealth
 - Level 10.1 Spellcasting
 + Level 17.0 Conjurations
 - Level 5.0 Summonings
 * Level 14.6 Fire Magic
 - Level 5.5 Earth Magic


You had 17 spell levels left.
You knew the following spells:

 Your Spells              Type           Power      Damage    Failure   Level
a - Magic Dart            Conj           100%       1d8       1%          1
b - Searing Ray           Conj           100%       2d8       1%          2
c - Iskenderun's Mystic   Conj/Tloc      75%        2d15      1%          4
d - Stone Arrow           Conj/Erth      100%       3d13      1%          3
e - Starburst             Conj/Fire      50%        6d14      1%          6

Your spell library contained the following spells:

 Spells                   Type           Power      Damage    Failure   Level
 Dazzling Flash           Conj/Hex       100%       N/A       1%          3
 Hailstorm                Conj/Ice       75%        3d15      1%          3
 Volatile Blastmotes      Fire/Tloc      100%       2d18      1%          3
 Fulminant Prism          Conj/Hex       37%        3d18      1%          4
 Animate Armour           Summ/Erth      100%       N/A       5%          4
 Ice Form                 Ice/Tmut       21%        N/A       38%         4
 Summon Forest            Summ/Tloc      21%        N/A       38%         5
 Lehudib's Crystal Spear  Conj/Erth      43%        10d10     93%         8
 Summon Hydra             Summ           29%        N/A       98%         7
 Eringya's Noxious Bog    Tmut/Pois      10%        N/A       99%         6
 Simulacrum               Ice/Necr       10%        N/A       99%         6
 Fire Storm               Conj/Fire      50%        8d13      99%         9
 Malign Gateway           Summ/Tloc      21%        N/A       100%        7
 Summon Horrible Things   Summ           29%        N/A       100%        8
 Chain Lightning          Conj/Air       37%        3d50      100%        9
 Shatter                  Erth           30%        3d25*     100%        9


Dungeon Overview and Level Annotations

Branches:
Dungeon (14/15)            Temple (0/1) D:7            Lair (5/5) D:11
  Swamp (0/4) Lair:3       Spider (0/4) Lair:3        Slime (5/5) Lair:5
    Orc (0/2) D:11         Vaults (0/5) D:13          Sewer (visited)
Gauntlet (1/1)

Altars:
Fedhas
Hepliaklqana
Kikubaaqudgha
Okawaru
Yredelemnul
Jiyva

Shops:
D:1 :   D:2 =   D:7 (   D:9 ??(

Annotations:
Lair:4 3 runed translucent doors, Suusch's ghost, journeyman DrAE
Slime:4 Dissolution
Slime:5 Royal Jelly Gauntlet 8 transporters, 3 runed translucent doors


Innate Abilities, Weirdness & Mutations

You have a pair of antennae on your head.
You possess an exceptional clarity of mind.
Your mind is acute. (Int +4, Str/Dex -1)
Your flesh is cold resistant. (rC+)
You heal very quickly.
Your thick and shaggy fur keeps you warm. (AC +3, rC+)
Your spells are a little harder to cast, but a little more powerful.
Your translucent skin reduces your foes' accuracy. (Stealth+)
You have a small jelly attached to you that senses nearby items.
You expend magic power (3 MP) to strengthen your wands.
Your melee attacks may engulf your foes in ooze.


Message History

You start putting on your armour.
You continue putting on the +4 hat "Xitaorghe" {Str+9}. x5
Magic restored.
You finish putting on the +4 hat "Xitaorghe" {Str+9}.
You feel stronger.
m - the ring "Usitoom" {rC+ Int+4}
Okay, then.
There is a transporter landing site here.
There is a transporter here.
You enter the transporter and appear at another place.
You open the door.
A minotaur comes into view.
It is wielding the +2 trident "Bumna" {freeze, rF+ Str+4}, wearing a +0 tower shield of protection, wearing the ring of Xom's Best Wishes {rC+ Str+7 Int-2 Dex+2 SInv} and quivering silver javelins.
The minotaur bellows!
The minotaur throws a silver javelin.
The silver javelin barely misses you.
Found four items.
Casting: Starburst (dangerous; 1% risk of failure)
Press: ? - help, Q - select action, (/) - cycle Dir - look around, f - activate That beam is likely to hit you.
Continue anyway?
Okay, then.
Casting: Starburst (dangerous; 1% risk of failure)
Press: ? - help, Q - select action, (/) - cycle Dir - look around, f - activate
Okay, then.
Press: ? - help, v - describe, . - travel
Here: a minotaur, wielding the +2 trident "Bumna" {freeze, rF+ Str+4}, wearing a +0 plate armour, wearing a +0 tower shield of protection, wearing the ring of Xom's Best Wishes {rC+ Str+7 Int-2 Dex+2 SInv} and quivering silver javelins The floor.
Unknown command.
Casting: Starburst (dangerous; 1% risk of failure)
Press: ? - help, Q - select action, (/) - cycle Dir - look around, f - activate That beam is likely to hit you.
Continue anyway?
That beam is likely to hit you.
Continue anyway?
The bolt of fire hits the minotaur!!
The minotaur resists.
The minotaur is moderately wounded.
The bolt of fire hits you!!!
Ouch! That really hurt!
The bolt of fire hits you!!!
* * * LOW HITPOINT WARNING * * *
The minotaur throws a silver javelin.
The silver javelin pierces through you.
* * * LOW HITPOINT WARNING * * *
The silver sears you!
You die...

#:.=# #8.8# #|.[#### #8.8#.8###
#.H.#....# # 8.8#..#.#
#.#..##'##..#.# #......@......#
#.#.##.#.##.#.# # #....#....# #
#.#.#######.#.# #.............#
##...©.©.©...##
############..8.8.8..############
≈#≈#≈#≈#§####.......####≈#≈#≈#§#≈
........§§#≈#########≈#......§§..


You could see a minotaur.

Vanquished Creatures
  Rupert (Lair:4)
  A green death (Gauntlet)
  Josephine (Lair:4)
  A vault guard (D:13)
  A catoblepas (Lair:5)
  2 hydras (Lair:3)
  A centaur warrior (D:13)
  5 two-headed ogres
  5 death yaks
  Sonja (Lair:2)
  2 skysharks
  2 necromancers
  A wolf spider (Lair:3)
  3 wizards (D:13)
  3 manticores
  A lindwurm (Lair:5)
  2 ugly things (D:12)
  A cyclops (D:13)
  9 elephants
  7 black mambas
  9 cane toads
  A gargoyle (D:11)
  An orange demon (Gauntlet)
  A torpor snail (Lair:4)
  8 komodo dragons
  8 trolls
  2 rime drakes
  An efreet (D:13)
  4 polar bears
  A tyrant leech (Lair:3)
  A merfolk (D:10)
  12 blink frogs
  A jumping spider (Lair:3)
  A yak (shapeshifter) (D:12)
  A hog (D:10)
  A spriggan (Lair:2)
  19 humans
  39 yaks
  6 wyverns
  7 wraiths
  A basilisk (Lair:5)
  A steam dragon (Lair:1)
  A redback (Lair:3)
  7 vampire mosquitoes
  2 swamp worms (Lair:3)
  3 acid dragons
  12 water moccasins
  6 orc warriors
  2 sky beasts (D:7)
  2 ice beasts
  11 black bears
  An ogre (D:4)
  10 wolves
  7 centaurs
  2 kobold brigands
  A gnoll sergeant (D:9)
  16 bullfrogs
  5 scorpions
  7 wights
  11 killer bees
  5 electric eels (D:10)
  3 howler monkeys
  3 hounds
  4 jellies
  6 orc priests
  2 gnoll boudas (D:10)
  Jessica (D:2)
  A sleepcap (D:5)
  3 iguanas
  5 orc wizards
  7 adders
  4 gnolls (D:9)
  2 river rats (Sewer)
  2 shadow imps (D:7)
  2 white imps (D:6)
  An ufetubus (D:6)
  3 worms
  25 orcs
  7 ball pythons
  7 endoplasms
  5 giant cockroaches
  4 goblins
  2 hobgoblins
  3 jackals (D:5)
  4 quokkas
  5 bats
  9 frilled lizards
  12 kobolds
  7 rats
  A butterfly (Lair:5)
427 creatures vanquished.

Vanquished Creatures (collateral kills)
  Gastronok (D:8)
  A catoblepas (Lair:5)
  A lindwurm (Lair:5)
  A cyclops (D:9)
  A manticore (D:10)
  A gargoyle (D:10)
  2 komodo dragons
  A polar bear (Lair:4)
  2 blink frogs (Lair:5)
  4 dream sheep (Lair:3)
  A basilisk (Lair:3)
16 creatures vanquished.

Vanquished Creatures (others)
  Donald (Slime:5)
  An orc knight (D:12)
  A cyclops (D:14)
  An unseen horror (D:12)
  A komodo dragon (D:12)
  A yak (D:10)
  A human (D:13)
  An orc warrior (D:12)
  A sky beast (D:8)
  A black bear (D:10)
  2 centaurs
  2 killer bees (D:9)
  3 howler monkeys (D:10)
  An electric eel (D:10)
  53 jellies
  2 orc priests
  2 gnoll boudas (D:10)
  An iguana (D:5)
  3 adders
  2 white imps (D:6)
  A worm (D:4)
  A dart slug (D:3)
  2 endoplasms (D:4)
  4 orcs
  3 hobgoblins
  A rat (D:3)
93 creatures vanquished.

Grand Total: 536 creatures vanquished

Notes
Turn   | Place    | Note
-------+----------+-------------------------------------------
     0 | D:1      | rabbitsville the Hill Orc Conjurer began the quest for the
                  | Orb.
     0 | D:1      | Reached XP level 1. HP: 14/14 MP: 3/3
   406 | D:1      | Reached XP level 2. HP: 20/20 MP: 1/4
   827 | D:1      | Found Ekail's Book Emporium.
  1126 | D:2      | Noticed Jessica
  1144 | D:2      | Killed Jessica
  1145 | D:2      | Reached XP level 3. HP: 8/26 MP: 0/6
  1243 | D:2      | Found a faded altar of an unknown god.
  1290 | D:2      | Found Jenwuti's Jewellery Shop.
  1401 | D:2      | Learned a level 2 spell: Searing Ray
  1422 | D:2      | Reached skill level 5 in Conjurations
  1422 | D:2      | Reached XP level 4. HP: 33/33 MP: 3/7
  2157 | D:3      | Reached XP level 5. HP: 17/38 MP: 2/8
  2277 | D:3      | Found a glowing drain.
  2281 | Sewer    | Entered a sewer
  2682 | Sewer    | Reached skill level 6 in Conjurations
  2816 | Sewer    | Reached XP level 6. HP: 41/45 MP: 5/10
  2916 | Sewer    | Found a viscous altar of Jiyva.
  2927 | Sewer    | Became a worshipper of Jiyva Jagrur the Shapeless
  3299 | D:3      | Found an ancient bone altar of Kikubaaqudgha.
  3299 | D:3      | Found an iron altar of Okawaru.
  3422 | D:3      | Reached * piety under Jiyva
  3775 | D:4      | Reached skill level 7 in Conjurations
  3775 | D:4      | Reached XP level 7. HP: 50/50 MP: 8/12
  4151 | D:5      | Entered Level 5 of the Dungeon
  4269 | D:5      | Reached ** piety under Jiyva
  4294 | D:5      | You fall into a shaft and drop 2 floors!
  4294 | D:7      | Found a staircase to the Ecumenical Temple.
  4413 | D:7      | Reached skill level 8 in Conjurations
  4468 | D:7      | Reached XP level 8. HP: 52/57 MP: 8/14
  4691 | D:5      | Reached *** piety under Jiyva
  4693 | D:5      | Gained mutation: Your flesh is cold resistant. (rC+)
                  | [Jiyva's grace]
  4693 | D:5      | Gained mutation: Your flesh is very cold resistant. (rC++)
                  | [Jiyva's grace]
  4693 | D:5      | Gained mutation: Your flesh is almost immune to the effects
                  | of cold. (rC+++) [Jiyva's grace]
  4693 | D:5      | Gained mutation: Armour fits poorly on your pseudopods.
                  | [Jiyva's grace]
  4699 | D:5      | Identified the +6 dagger "Aserhe Ywofe" {drain, rElec}
  4861 | D:5      | Found a basalt altar of Yredelemnul.
  5092 | D:6      | Reached skill level 9 in Conjurations
  5484 | D:6      | Reached **** piety under Jiyva
  5765 | D:7      | Found Heoclabu's Weapon Shoppe.
  5927 | D:7      | Reached skill level 5 in Spellcasting
  6111 | D:8      | Lost mutation: Your flesh is almost immune to the effects
                  | of cold. (rC+++) [Jiyva's grace]
  6111 | D:8      | Gained mutation: You have large cloven feet. [Jiyva's
                  | grace]
  6111 | D:8      | Gained mutation: You have hoof-like feet. [Jiyva's grace]
  6111 | D:8      | Gained mutation: You have hooves in place of feet. [Jiyva's
                  | grace]
  6111 | D:8      | Gained mutation: You have acidic saliva. [Jiyva's grace]
  6201 | D:8      | Reached ***** piety under Jiyva
  6210 | D:8      | Reached XP level 9. HP: 52/62 MP: 12/16
  6211 | D:8      | Reached skill level 10 in Conjurations
  6428 | D:8      | Noticed Gastronok
  6624 | D:8      | Killed Gastronok
  6625 | D:8      | Reached skill level 12 in Conjurations
  6625 | D:8      | Reached XP level 10. HP: 58/69 MP: 16/19
  6671 | D:8      | Learned a level 4 spell: Iskenderun's Mystic Blast
  6703 | D:9      | Found Jetegeke's Antique Weapon Emporium.
  6922 | D:9      | Noticed a cyclops
  6953 | D:9      | Identified the +3 robe of Onkoag {rC++}
  7020 | D:9      | Killed a cyclops
  7117 | D:9      | Found Juyser's Magic Scroll Emporium.
  7126 | D:9      | Bought a scroll of identify for 28 gold pieces
  7437 | D:9      | Found Gomobemu's Magic Scroll Shoppe.
  7494 | D:10     | Entered Level 10 of the Dungeon
  7506 | D:10     | Reached skill level 13 in Conjurations
  7679 | D:10     | Reached skill level 1 in Fire Magic
  7928 | D:10     | Found a hazy altar of Hepliaklqana.
  8061 | D:10     | Reached XP level 11. HP: 62/74 MP: 18/22
  8070 | D:10     | Noticed a manticore
  8216 | D:10     | Noticed a two-headed ogre
  8225 | D:10     | Killed a two-headed ogre
  8337 | D:10     | Noticed a manticore
  8346 | D:10     | Killed a manticore
  8349 | D:10     | Reached skill level 5 in Fire Magic
  8609 | D:10     | Noticed a two-headed ogre
  8643 | D:10     | Killed a two-headed ogre
  8699 | D:10     | Killed a manticore
  8768 | D:10     | Noticed a two-headed ogre
  8781 | D:10     | Killed a two-headed ogre
  8781 | D:10     | Identified the staff "Taiwut" {rN+ Str+3 Necro}
  9232 | D:1      | Bought a book of Armaments for 360 gold pieces
  9237 | D:1      | Learned a level 3 spell: Stone Arrow
  9435 | D:11     | Found a staircase to the Orcish Mines.
  9562 | D:11     | Lost mutation: You have hooves in place of feet. [Jiyva's
                  | grace]
  9562 | D:11     | Lost mutation: Your flesh is very cold resistant. (rC++)
                  | [Jiyva's grace]
  9562 | D:11     | Gained mutation: Your translucent skin slightly reduces
                  | your foes' accuracy. (Stealth+) [Jiyva's grace]
  9562 | D:11     | Gained mutation: Your translucent skin reduces your foes'
                  | accuracy. (Stealth+) [Jiyva's grace]
  9562 | D:11     | Gained mutation: Your transparent skin significantly
                  | reduces your foes' accuracy. (Stealth+) [Jiyva's grace]
  9562 | D:11     | Gained mutation: Your body has grown eyes which may confuse
                  | attackers. (Acc +3) [Jiyva's grace]
  9563 | D:11     | Noticed a two-headed ogre
  9568 | D:11     | Killed a two-headed ogre
  9569 | D:11     | Reached skill level 14 in Conjurations
  9583 | D:11     | Reached XP level 12. HP: 73/81 MP: 9/25
  9593 | D:11     | Found a staircase to the Lair.
  9641 | D:11     | Reached ****** piety under Jiyva
  9651 | D:11     | Found a blossoming altar of Fedhas.
  9908 | Lair:1   | Entered Level 1 of the Lair of Beasts
 10031 | Lair:1   | Learned a level 6 spell: Starburst
 11134 | Lair:2   | Noticed Sonja
 11147 | Lair:2   | Killed Sonja
 11282 | Lair:2   | Noticed a skyshark
 11293 | Lair:2   | Killed a skyshark
 11458 | Lair:2   | Lost mutation: Armour fits poorly on your pseudopods.
                  | [Jiyva's grace]
 11458 | Lair:2   | Gained mutation: You have a small jelly attached to you
                  | that senses nearby items. [Jiyva's grace]
 11458 | Lair:2   | Gained mutation: You have a pair of small antennae on your
                  | head. [Jiyva's grace]
 11458 | Lair:2   | Gained mutation: You have a pair of antennae on your head.
                  | [Jiyva's grace]
 11458 | Lair:2   | Gained mutation: You have a pair of large antennae on your
                  | head. (SInv) [Jiyva's grace]
 11639 | Lair:2   | Reached skill level 10 in Spellcasting
 11739 | Lair:2   | Reached skill level 1 in Earth Magic
 12227 | Lair:3   | Noticed a skyshark
 12268 | Lair:3   | Reached skill level 1 in Summonings
 12315 | Lair:3   | Reached XP level 13. HP: 82/86 MP: 6/27
 12766 | Lair:3   | Reached skill level 5 in Earth Magic
 12963 | Lair:3   | Found a hole to the Spider Nest.
 13191 | Lair:3   | Reached skill level 5 in Summonings
 13265 | Lair:3   | Found a staircase to the Swamp.
 13573 | Lair:4   | Reached skill level 10 in Fire Magic
 13597 | Lair:4   | Found a runed translucent gate.
 13598 | Lair:4   | Found a runed translucent gate.
 13598 | Lair:4   | Noticed Suusch's ghost (journeyman DrAE)
 13892 | Lair:4   | Reached skill level 15 in Conjurations
 14031 | Lair:4   | Lost mutation: You have a pair of large antennae on your
                  | head. (SInv) [Jiyva's grace]
 14031 | Lair:4   | Lost mutation: You have acidic saliva. [Jiyva's grace]
 14031 | Lair:4   | Lost mutation: Your body has grown eyes which may confuse
                  | attackers. (Acc +3) [Jiyva's grace]
 14031 | Lair:4   | Gained mutation: Your mind is acute. (Int +4, Str/Dex -1)
                  | [Jiyva's grace]
 14031 | Lair:4   | Gained mutation: Your mind is very acute. (Int +8, Str/Dex
                  | -2) [Jiyva's grace]
 14031 | Lair:4   | Gained mutation: You possess an exceptional clarity of
                  | mind. [Jiyva's grace]
 14031 | Lair:4   | Gained mutation: Your melee attacks may engulf your foes in
                  | ooze. [Jiyva's grace]
 14051 | Lair:4   | Noticed Rupert
 14072 | Lair:4   | Paralysed by Rupert for 3 turns
 14095 | Lair:4   | Killed Rupert
 14141 | Lair:4   | Noticed Josephine
 14155 | Lair:4   | Found a runed translucent gate.
 14670 | Lair:4   | Killed Josephine
 14699 | Lair:5   | Entered Level 5 of the Lair of Beasts
 14827 | Lair:5   | Reached XP level 14. HP: 46/93 MP: 20/28
 14922 | Lair:5   | Reached skill level 16 in Conjurations
 15348 | Lair:5   | Found a staircase to the Slime Pits.
 15348 | Lair:5   | Found a viscous altar of Jiyva.
 15356 | Slime:1  | Entered Level 1 of the Pits of Slime
 15379 | Slime:1  | Noticed an acid blob
 15413 | Slime:1  | Noticed an azure jelly
 15483 | Slime:1  | Noticed an acid blob
 15547 | Slime:2  | Noticed a rockslime
 15674 | Slime:4  | Noticed Dissolution
 15675 | Slime:4  | Noticed a rockslime
 15680 | Slime:3  | Noticed a formless jellyfish
 15770 | Slime:3  | Noticed a quicksilver ooze
 15802 | Slime:3  | Noticed a rockslime
 15855 | Slime:3  | Noticed a rockslime
 15859 | Slime:3  | Noticed an acid blob
 16035 | Slime:3  | Noticed a formless jellyfish
 16148 | Slime:5  | Entered Level 5 of the Pits of Slime
 16148 | Slime:5  | Noticed an acid blob
 16189 | Slime:5  | Noticed an acid blob
 16192 | Slime:5  | Noticed Donald
 16195 | Slime:5  | Noticed an azure jelly
 16215 | Slime:5  | Found a viscous altar of Jiyva.
 16215 | Slime:5  | Noticed an acid blob
 16215 | Slime:5  | Noticed an azure jelly
 16215 | Slime:5  | Noticed a rockslime
 16216 | Slime:5  | Noticed the Royal Jelly
 16217 | Slime:5  | Noticed an acid blob
 16217 | Slime:5  | Noticed an acid blob
 16218 | Slime:5  | Noticed an acid blob
 16218 | Slime:5  | Noticed an acid blob
 16220 | Slime:5  | Identified the staff "Ryax" {rElec rF+ rCorr Dex-3 Air}
 16222 | Slime:5  | Got a slimy rune of Zot
 16223 | Slime:5  | Identified the +2 orcbow of the Scorned {drain, Int+4}
 16224 | Slime:5  | Identified the +8 spear "Juoch" {vamp, rC- Str+5 Int-2
                  | SInv}
 16228 | Slime:5  | Noticed a quicksilver ooze
 16232 | Slime:5  | Identified the +1 broad axe of Royalism {vamp, rF+}
 16234 | Slime:5  | Identified the staff of Ipse Dixit {Fragile rPois Necro
                  | Earth}
 16241 | Slime:5  | Noticed an acid blob
 16245 | Slime:5  | Identified the +9 war axe of the Solstice {pain, *Noise rF+
                  | rN+ Dex+3}
 16278 | Slime:5  | Noticed an azure jelly
 16279 | Slime:5  | Noticed a rockslime
 16301 | Slime:5  | Killed Donald
 16568 | Lair:5   | Noticed a dire elephant
 16612 | Lair:4   | Upgraded the game from 0.31-a0-188-g5e087ee2ca to
                  | 0.31-a0-196-g86fe4a5e66
 16798 | D:11     | Was placed under penance by Jiyva
 16976 | D:12     | Was forgiven by Jiyva
 17117 | D:12     | Lost mutation: You have hoof-like feet. [Jiyva's grace]
 17117 | D:12     | Lost mutation: Your transparent skin significantly reduces
                  | your foes' accuracy. (Stealth+) [Jiyva's grace]
 17117 | D:12     | Gained mutation: Your natural rate of healing is unusually
                  | fast. [Jiyva's grace]
 17117 | D:12     | Gained mutation: You heal very quickly. [Jiyva's grace]
 17117 | D:12     | Gained mutation: You regenerate. [Jiyva's grace]
 17117 | D:12     | Gained mutation: Your spells are a little harder to cast,
                  | but a little more powerful. [Jiyva's grace]
 18670 | D:13     | Found a gate to the Vaults.
 18789 | D:14     | Found a gate leading to a gauntlet.
 18799 | Gauntlet | Entered a Gauntlet
 18799 | Gauntlet | Found a transporter.
 18806 | Gauntlet | Found a transporter.
 18819 | Gauntlet | Found a transporter.
 18826 | Gauntlet | Found a runed translucent gate.
 18827 | Gauntlet | Found a transporter.
 18827 | Gauntlet | Found a transporter.
 18828 | Gauntlet | Found a runed translucent gate.
 18829 | Gauntlet | Found a transporter.
 18830 | Gauntlet | Found a transporter.
 18843 | Gauntlet | Lost mutation: You have large cloven feet. [Jiyva's grace]
 18843 | Gauntlet | Lost mutation: Your mind is very acute. (Int +8, Str/Dex
                  | -2) [Jiyva's grace]
 18843 | Gauntlet | Lost mutation: You regenerate. [Jiyva's grace]
 18843 | Gauntlet | Gained mutation: You are covered in fur. (AC +1) [Jiyva's
                  | grace]
 18843 | Gauntlet | Gained mutation: You are covered in thick fur. (AC +2)
                  | [Jiyva's grace]
 18843 | Gauntlet | Gained mutation: Your thick and shaggy fur keeps you warm.
                  | (AC +3, rC+) [Jiyva's grace]
 18843 | Gauntlet | Gained mutation: You expend magic power (3 MP) to
                  | strengthen your wands. [Jiyva's grace]
 18860 | Gauntlet | Found a transporter.
 18902 | Gauntlet | Found a runed translucent gate.
 18926 | Gauntlet | Found a transporter.
 18944 | Gauntlet | Found a transporter.
 18948 | Gauntlet | Found a transporter.
 18958 | Gauntlet | Found a transporter.
 19020 | Gauntlet | Identified the amulet "Maalun" {rElec Will+ Regen+ MP-9
                  | Int+6}
 19054 | Gauntlet | Reached skill level 17 in Conjurations
 19075 | Gauntlet | Identified the +4 hat "Xitaorghe" {Str+9}
 19086 | Gauntlet | Identified the ring "Usitoom" {rC+ Int+4}
 19142 | Gauntlet | Identified the +2 trident "Bumna" {freeze, rF+ Str+4}
 19142 | Gauntlet | Identified the ring of Xom's Best Wishes {rC+ Str+7 Int-2
                  | Dex+2 SInv}
 19143 | Gauntlet | HP: 1/93 [bounced beam (37)]
 19143 | Gauntlet | Hit by a silver javelin thrown by a minotaur

Illustrated notes

Levels and vault maps discovered:
D:1:      lightli_molten_gateway, layout_basic, serial_shops, shop,
          chequers_serial_rivers_micro_d, minmay_misc_feat_rows,
          minmay_statues_item
D:2:      layout_rooms, serial_shops, shop, dilly_ecumenical_altar_fadedgnrine,
          uniq_jessica
D:3:      layout_basic, gammafunk_temple_overflow_wave, gup_sewer_entry_spiral
D:4:      layout_loops_ring
D:5:      layout_basic, mainiacjoe_overflow_brackets, grunt_tough_drop
D:6:      layout_basic
D:7:      layout_loops_cross, minmay_temple_entry_steel_oval, serial_shops, shop
D:8:      layout_rooms, hangedman_decor_opposing, minmay_misc_feat_alley,
          uniq_gastronok
D:9:      layout_roguey, serial_shops, shop, nicolae_shop_real_fake_doors, shop,
          hangedman_decor_peaks_small
D:10:     kennysheep_town
D:11:     layout_rooms, grunt_lair_entry_orc_guard_hut, orc_0_dummy,
          fedhas_ov_isle_minmay
D:12:     layout_stronghold
D:13:     layout_stronghold, grunt_vaults_entry_tiered
D:14:     layout_cave_pools, gauntlet_entry_generic,
          nicolae_tso_carved_into_rock, serial_column_ruins,
          column_ruins_open_tiny, column_ruins_columns_straight,
          column_ruins_open_tiny, column_ruins_grid_1, lemuel_flamethrower_2
Lair:1:   layout_cave_pods, serial_bayou_shore_a, lemuel_fruit_fields,
          infiniplex_staircase_pool_2
Lair:2:   layout_concentric_octagons, grunt_forest_small_clearings, st_stairs_4,
          minivault_24, grunt_forest_large_clearing_hut, uniq_sonja
Lair:3:   layout_hall_layers, palyth_hydra_swamp_entry,
          spider_nest_entry_funnel_web
Lair:4:   layout_regular_city, gammafunk_ghost_split, uniq_rupert,
          uniq_josephine
Lair:5:   grunt_lair_end_beastmaster, layout_loops_ring, slime_entry_1,
          nicolae_quartered_pool_super, grunt_megastairs_4, lemuel_fruit_fields
Slime:1:  layout_caves, nicolae_slime_phagocytosis
Slime:2:  layout_caves
Slime:3:  cheibrodos_slime_lost_civilization_2, layout_caves
Slime:4:  layout_caves, dissolution_awaits
Slime:5:  uniq_donald
Gauntlet: minmay_gauntlet_mixed_oops_all_seconds
          [minmay_gauntlet_arena_77_radiant_squares,
          nicolae_gauntlet_arena_flowing_pool, minmay_gauntlet_arena_77_braids,
          gammafunk_gauntlet_arena_spirals, minmay_gauntlet_arena_77_run_for_it,
          gammafunk_gauntlet_arena_arrow_garden,
          nicolae_gauntlet_exit_dead_adventurers]

Skill      XL: |  1  2  3  4  5  6  7  8  9 10 11 12 13 14 |
---------------+-------------------------------------------+-----
Spellcasting   | 2 3 4 5 6 7 9 10 | 10.1
Conjurations   | 5 6 7 8 9 12 13 14 15 17 | 17.0
Fire Magic     | 3 7 9 11 14 | 14.6
Earth Magic    | 3 5 |  5.5
Summonings     | 2 5 |  5.0
Dodging        | |  1.5
Stealth        | |  1.5

Action                     |  1- 3 |  4- 6 |  7- 9 | 10-12 | 13-15 || total
---------------------------+-------+-------+-------+-------+-------++-------
  Melee: Short sword       |     4 |    53 |       |       |       ||    57
         Dagger            |       |       |     1 |    17 |    67 ||    85
         Pseudopods        |       |       |       |     2 |       ||     2
         Bite              |       |       |       |     3 |     4 ||     7
         Kick              |       |       |       |     3 |       ||     3
  Throw: Dart              |       |       |       |     1 |       ||     1
   Cast: Magic Dart        |    26 |    64 |    73 |   123 |    40 ||   326
         Searing Ray       |     1 |    18 |    40 |   130 |    17 ||   206
         Iskenderun's Myst |       |       |       |    31 |    92 ||   123
         Stone Arrow       |       |       |       |    59 |   130 ||   189
         Starburst         |       |       |       |       |    41 ||    41
    Use: Potion            |       |       |     2 |     1 |       ||     3
         Scroll            |       |       |       |     7 |     5 ||    12
   Stab: Sleeping          |       |       |     1 |     1 |       ||     2
 Armour: Robe              |     3 |    22 |     6 |    31 |    48 ||   110
  Dodge: Dodged            |     2 |    40 |    37 |   247 |   252 ||   578

Table legend: (Time is in decaauts)
 A = Elapsed time spent in this place.
 B = Non-inter-level travel time spent in this place.
 C = Inter-level travel time spent in this place.
 D = Time resting spent in this place.
 E = Time spent auto-exploring this place.
 F = Levels seen in this place.
 G = Mean time per level.
                   A        B        C        D        E       F      G
               +--------+--------+--------+--------+--------+-----+--------+
         Total |  19267 |  18113 |   1154 |    227 |   9314 |  26 |  741.0 |
       Dungeon |  11274 |  10514 |    760 |    127 |   5795 |  14 |  805.3 |
          Lair |   5853 |   5580 |    273 |     31 |   2221 |   5 | 1170.6 |
    Slime Pits |   1053 |    932 |    121 |      0 |    794 |   5 |  210.6 |
         Sewer |    741 |    741 |      0 |     69 |    503 |   1 |  741.0 |
      Gauntlet |    343 |    343 |      0 |      0 |      0 |   1 |  343.0 |
               +--------+--------+--------+--------+--------+-----+--------+

Top non-repeatable levels by time:
    D:10: 1559 daAuts
  Lair:3: 1356 daAuts
  Lair:4: 1337 daAuts
  Lair:1: 1281 daAuts
  Lair:2: 1197 daAuts
     D:3: 1125 daAuts
     D:1: 1098 daAuts
    D:13: 975 daAuts
    D:12: 861 daAuts
     D:9: 851 daAuts
     D:2: 757 daAuts
   Sewer: 741 daAuts
     D:5: 714 daAuts
     D:4: 694 daAuts
  Lair:5: 681 daAuts
